 Dungeon Crawl Stone Soup version 0.31-a0-997-g9a2f3ffc92 (webtiles) character file.

Game seed: 16550987256693511403

165 Dirtsage the Ruffian (level 5, 0/34 HPs)
             Began as an Octopode Shapeshifter on Nov 7, 2023.
             Splashed by a jelly's acid (4 damage)
             ... on level 4 of the Dungeon.
             The game lasted 00:05:39 (2429 turns).

Dirtsage the Ruffian (Octopode Shapeshifter)        Turns: 2429, Time: 00:05:39

Health: 0/34       AC: -3    Str: 14    XL:     5   Next: 46%
Magic:  5/5        EV: 13    Int: 12    God:
Gold:   153        SH:  0    Dex: 13    Spells: 4/4 levels left

rFire   . .          .
                       - Unarmed
rCold   . . .        (no shield)
rNeg    . . .        (helmet currently unavailable)
rPois   .            (no amulet)
rElec   .            (no ring)
rCorr   .            (no ring)
SInv    .            (no ring)
Will    .....        (no ring)
Stlth   ++           (no ring)
HPRegen 0.25/turn    (no ring)
MPRegen 0.09/turn    (no ring)
                     (no ring)

%: no passive effects
@: beast-form, corroded
A: beast (slay +2), almost no armour, amphibious, 8 rings, camouflage 1,
gelatinous body 1, (nimble swimmer 1), tentacles
a: Begin Untransformation


You were on level 4 of the Dungeon.
You were a hulking beast.
You visited 1 branch of the dungeon, and saw 4 of its levels.

You collected 153 gold pieces.

Inventory:

Talismans
 b - a beast talisman
 c - a flux talisman
Scrolls
 d - 2 scrolls of noise
 f - 4 scrolls of identify {unknown}
 g - a scroll of blinking {unknown}
 i - 2 scrolls of enchant armour {unknown}
 k - 2 scrolls of teleportation {unknown}
 m - a scroll of amnesia {unknown}
 n - a scroll of fog {unknown}
 p - a scroll of butterflies {unknown}
Potions
 a - 3 potions of lignification
 e - a potion of heal wounds {unknown}
 h - 2 potions of curing {unknown}
 j - a potion of mutation {unknown}
 l - 2 potions of magic {unknown}
 o - a potion of attraction {unknown}
 q - a potion of degeneration {unknown}


   Skills:
 + Level 2.2 Fighting
 - Level 2.0 Dodging
 * Level 4.4 Unarmed Combat
 * Level 4.2 Shapeshifting


You had 4 spell levels left.
You didn't know any spells.
Your spell library contained the following spells:

 Spells                   Type           Power      Damage    Failure   Level
 Apportation              Tloc           0%         N/A       32%         1
 Jinxbite                 Hex            0%         N/A       45%         2
 Inner Flame              Hex/Fire       0%         N/A       69%         3
 Alistair's Intoxication  Tmut/Pois      0%         N/A       100%        5
 Yara's Violent Unravell  Hex/Tmut       0%         3d3       100%        5
 Enfeeble                 Hex            0%         N/A       100%        7


Dungeon Overview and Level Annotations

Branches:
Dungeon (4/15)
 Temple: D:4-7

Altars:
Qazlal


Innate Abilities, Weirdness & Mutations

You are a hulking beast.
Your limbs bulge with bestial killing power. (Slay +2)
You cannot wear most types of armour.
You are amphibious.
You can wear up to eight rings at the same time.
Your skin changes colour to match your surroundings (Stealth+).
Your rubbery body absorbs attacks. (AC +1, EV +1)
((You are camouflaged when in or above water. (Stealth+)))
You have tentacles for arms and can constrict up to eight enemies at once.


Message History

The hobgoblin is heavily wounded.
You constrict the hobgoblin.
The hobgoblin hits you but does no damage.
You tentacle-slap the hobgoblin.
You kill the hobgoblin!
You barely miss the goblin. You grab the goblin. You squeeze the goblin.
The goblin is severely wounded.
You constrict the goblin.
You kill the goblin!
You tentacle-slap the hobgoblin. You grab the hobgoblin.
The hobgoblin is almost dead.
You constrict the hobgoblin, but do no damage.
The hobgoblin misses you.
You bludgeon the hobgoblin!
You kill the hobgoblin!
You swing at nothing.
You tentacle-slap the goblin.
You kill the goblin!
You swing at nothing.
A jelly comes into view.
You regained 10 hp, and now have 31/34 hp.
You tentacle-slap the jelly.
Your tentacles burn!
The jelly is lightly wounded.
The jelly hits you.
You are splashed with acid!
You take 13 damage, and have 19/34 hp.
MASSIVE DAMAGE!!
You tentacle-slap the jelly.
Your tentacles burn!
The jelly is heavily wounded.
The jelly closely misses you.
You take 5 damage, and have 14/34 hp.
You bludgeon the jelly! The acid corrodes you!
Your tentacles burn!
You tentacle-slap the jelly.
The jelly is almost dead.
The jelly hits you.
* * * LOW HITPOINT WARNING * * *
You are splashed with acid.
* * * LOW HITPOINT WARNING * * *
You take 10 damage, and have 4/34 hp.
MASSIVE DAMAGE!!
You tentacle-slap the jelly but do no damage.
Your tentacles burn!
You die...

...........###....##
......###..#....####..#.
....#.##...###..# #....
.............#..####..#.
..........##..#.......##
..........##............
..........##......####..
.....:J...##...(..#.....
.......h..##.......g>.#.
..........##[.....#...##
.####.....##.)....#...##
##..#..)<)........##
##...#########...##
#.### #..... ...# ....
##..# ... ##. .


You could see a jelly.

Vanquished Creatures
  Robin (D:4)
  4 adders
  3 gnolls (D:3)
  A worm (D:4)
  A dart slug (D:1)
  An orc (D:3)
  8 ball pythons
  2 bats
  6 endoplasms
  A giant cockroach (D:2)
  14 hobgoblins
  2 jackals (D:2)
  8 kobolds
  6 quokkas
  3 frilled lizards
  13 goblins
  4 rats
78 creatures vanquished.

Notes
Turn   | Place    | Note
-------+----------+-------------------------------------------
     0 | D:1      | Dirtsage the Octopode Shapeshifter began the quest for the
                  | Orb.
     0 | D:1      | Reached XP level 1. HP: 13/13 MP: 1/1
   178 | D:1      | Reached XP level 2. HP: 15/18 MP: 2/2
   426 | D:1      | Reached XP level 3. HP: 23/23 MP: 3/3
  1080 | D:2      | Reached XP level 4. HP: 28/29 MP: 4/4
  1465 | D:2      | Found a stormy altar of Qazlal.
  1813 | D:3      | Reached XP level 5. HP: 29/34 MP: 5/5
  2329 | D:4      | Noticed Robin
  2361 | D:4      | Killed Robin
  2429 | D:4      | Splashed by a jelly's acid

Illustrated notes

Levels and vault maps discovered:
D:1:      roderic_octagonal_star, layout_loops_ring, minmay_misc_feat_alley
D:2:      layout_basic, basic_altar
D:3:      layout_loops_ring
D:4:      layout_rooms, lemuel_coloured_pillars_altar,
          gammafunk_temple_overflow_claw, hangedman_decor_clover_reticule,
          uniq_robin

Skill      XL: |  1  2  3  4 |
---------------+-------------+-----
Unarmed Combat | 4 |  4.4
Fighting       | 2 |  2.2
Shapeshifting  | 4 |  4.2
Dodging        | |  2.0

Action                     |  1- 3 |  4- 6 || total
---------------------------+-------+-------++-------
  Melee: Unarmed           |    71 |    77 ||   148
         Constrict         |    21 |    17 ||    38
         Tentacles         |    10 |     9 ||    19
         Punch             |     1 |     2 ||     3
    Use: Scroll            |     1 |       ||     1
   Stab: Sleeping          |     6 |     8 ||    14
 Armour: Skin              |    22 |    24 ||    46
  Dodge: Dodged            |    42 |    30 ||    72

Table legend: (Time is in decaauts)
 A = Elapsed time spent in this place.
 B = Non-inter-level travel time spent in this place.
 C = Inter-level travel time spent in this place.
 D = Time resting spent in this place.
 E = Time spent auto-exploring this place.
 F = Levels seen in this place.
 G = Mean time per level.
                   A        B        C        D        E       F      G
               +--------+--------+--------+--------+--------+-----+--------+
         Total |   2417 |   2308 |    109 |      0 |   1872 |   4 |  604.2 |
       Dungeon |   2417 |   2308 |    109 |      0 |   1872 |   4 |  604.2 |
               +--------+--------+--------+--------+--------+-----+--------+

Top non-repeatable levels by time:
     D:1: 898 daAuts
     D:3: 716 daAuts
     D:2: 636 daAuts
     D:4: 166 daAuts
